 Dungeon Crawl Stone Soup version 0.31.0-7-gf635a9b802 (webtiles) character file.

Game seed: 15957524896282581857

59 sligmaballs the Sneak (level 4, 0/38 HPs)
             Began as a Gnoll Wanderer on Jan 23, 2024.
             Slain by an orc priest
             ... wielding a +0 dagger
              (4 damage)
             ... on level 2 of the Dungeon.
             The game lasted 00:10:03 (1346 turns).

sligmaballs the Sneak (Gnoll Wanderer)              Turns: 1346, Time: 00:10:04

Health: 0/38       AC:  7    Str: 12    XL:     4   Next: 3%
Magic:  8/8        EV: 10    Int: 12    God:
Gold:   66         SH:  0    Dex: 12    Spells: 7/8 levels left

rFire   . . .        a - +0 hand axe
rCold   . . .        (no shield)
rNeg    . . .        g - +0 ring mail
rPois   .            (no helmet)
rElec   .            (no cloak)
rCorr   .            k - +0 pair of gloves
SInv    .            b - +0 pair of boots
Will    .....        (no amulet)
Stlth   ++           (no ring)
HPRegen 0.26/turn    (no ring)
MPRegen 0.11/turn

%: no passive effects
@: no status effects
A: fangs 1, strong nose, distributed training
a: no special abilities


You were on level 2 of the Dungeon.
You visited 1 branch of the dungeon, and saw 2 of its levels.

You collected 66 gold pieces.

Inventory:

Hand Weapons
 a - a +0 hand axe (weapon)
 f - a +0 spear
Armour
 b - a +0 pair of boots (worn)
 d - a +0 robe
 g - a +0 ring mail (worn)
 k - a +0 pair of gloves (worn)
Scrolls
 e - a scroll of teleportation {unknown}
 h - a scroll of blinking {unknown}
 j - a scroll of revelation {unknown}
 l - a scroll of enchant weapon {unknown}
 m - a scroll of poison {unknown}
Potions
 c - a potion of attraction


   Skills:
 + Level 4.6 Fighting
 + Level 1.0 Short Blades
 + Level 1.0 Long Blades
 + Level 4.6 Axes
 + Level 1.0 Maces & Flails
 + Level 1.0 Polearms
 + Level 1.0 Staves
 + Level 1.0 Ranged Weapons
 + Level 1.0 Throwing
 + Level 1.0 Armour
 + Level 1.0 Dodging
 + Level 6.0 Stealth
 + Level 1.0 Shields
 + Level 1.0 Unarmed Combat
 + Level 2.9 Spellcasting
 + Level 0.8 Conjurations
 + Level 0.8 Hexes
 + Level 0.8 Summonings
 + Level 0.8 Necromancy
 + Level 0.8 Translocations
 + Level 3.8 Fire Magic
 + Level 0.8 Ice Magic
 + Level 0.8 Air Magic
 + Level 0.8 Earth Magic
 + Level 0.8 Alchemy
 + Level 1.1 Invocations
 + Level 1.0 Evocations
 + Level 1.0 Shapeshifting


You had 7 spell levels left.
You knew the following spells:

 Your Spells              Type           Power      Damage    Failure   Level
a - Foxfire               Conj/Fire      28%        2x1d5     22%         1

Your spell library contained the following spells:

 Spells                   Type           Power      Damage    Failure   Level
 Scorch                   Fire           20%        2d5       19%         2
 Blink                    Tloc           6%         N/A       52%         2
 Ensorcelled Hibernation  Hex/Ice        6%         N/A       52%         2
 Lesser Beckoning         Tloc           6%         N/A       52%         2
 Momentum Strike          Conj/Tloc      6%         3d8       52%         2
 Fugue of the Fallen      Necr           3%         N/A       77%         3
 Ignite Poison            Fire/Alch      7%         N/A       91%         4
 Anguish                  Hex/Necr       1%         N/A       99%         4


Dungeon Overview and Level Annotations

Branches:
Dungeon (2/15)

Altars:


Innate Abilities, Weirdness & Mutations

You have very sharp teeth.
Your uncanny sense of smell can sniff out nearby items.
Your experience applies equally to all skills.


Message History

You completely miss the orc. You bite the orc, but do no damage.
The orc is heavily wounded.
The orc closely misses you.
The orc priest begins to cast a cantrip, but forgets the words!
You barely miss the orc.
The orc is heavily wounded.
The orc barely misses you. The orc hits you but does no damage.
The orc priest miscasts a cantrip.
You barely miss the orc. You bite the orc, but do no damage.
You completely miss the orc. The orc hits you with a +0 whip.
* * * LOW HITPOINT WARNING * * *
The orc closely misses you.
You hit the orc.
The orc is lightly wounded.
You closely miss the orc. The orc hits you with a +0 whip.
* * * LOW HITPOINT WARNING * * *
The orc barely misses you. x3
You hit the orc.
The orc is heavily wounded.
You hit the orc. The orc hits you but does no damage. x2
You hit the orc.
The orc is severely wounded.
You hit the orc but do no damage. The orc hits you but does no damage.
The orc hits you with a +0 dagger.
* * * LOW HITPOINT WARNING * * *
You slash the orc!
You kill the orc!
You barely miss the orc. The orc closely misses you.
Your Shapeshifting skill increases to level 1!
You have reached level 4!
You feel agile.
You hit the orc priest.
The orc priest is lightly wounded.
You hit the orc.
You kill the orc!
The orc priest hits you but does no damage.
You hit the orc priest but do no damage.
The orc priest is lightly wounded.
The orc priest hits you with a +0 dagger.
You die...

∆ #########
#.......#
.#######.......##
......o@.........
.#######)......#
#.......#
######.......#
.............#
######.......#
#.......#
#.......##
###......#


You could see an orc priest.

Vanquished Creatures
  4 orcs (D:2)
  3 endoplasms
  2 giant cockroaches (D:1)
  7 goblins (D:1)
  3 hobgoblins (D:1)
  4 jackals
  6 kobolds
  8 quokkas
  2 ball pythons (D:1)
  4 bats (D:1)
  2 frilled lizards (D:1)
45 creatures vanquished.

Notes
Turn   | Place    | Note
-------+----------+-------------------------------------------
     0 | D:1      | sligmaballs the Gnoll Wanderer began the quest for the Orb.
     0 | D:1      | sligmaballs set off with the following items: a +0 hand
                  | axe, a +0 pair of boots, a potion of attraction, a +0 robe;
                  | and the following spell memorised: Foxfire; and the
                  | following spells available to memorise: Scorch, Ignite
                  | Poison.
     0 | D:1      | Reached XP level 1. HP: 20/20 MP: 4/4
   257 | D:1      | Reached XP level 2. HP: 23/26 MP: 5/5
   649 | D:1      | Reached XP level 3. HP: 30/31 MP: 7/7
   689 | D:1      | Reached skill level 6 in Stealth
   750 | D:1      | Reached skill level 1 in Invocations
  1209 | D:2      | Reached skill level 1 in Short Blades
  1209 | D:2      | Reached skill level 1 in Long Blades
  1209 | D:2      | Reached skill level 1 in Maces & Flails
  1209 | D:2      | Reached skill level 1 in Polearms
  1209 | D:2      | Reached skill level 1 in Staves
  1209 | D:2      | Reached skill level 1 in Ranged Weapons
  1209 | D:2      | Reached skill level 1 in Throwing
  1209 | D:2      | Reached skill level 1 in Armour
  1209 | D:2      | Reached skill level 1 in Dodging
  1209 | D:2      | Reached skill level 1 in Shields
  1209 | D:2      | Reached skill level 1 in Unarmed Combat
  1209 | D:2      | Reached skill level 1 in Evocations
  1345 | D:2      | Reached skill level 1 in Shapeshifting
  1345 | D:2      | Reached XP level 4. HP: 4/38 MP: 8/8
  1346 | D:2      | Slain by an orc priest

Illustrated notes

Levels and vault maps discovered:
D:1:      eino_arrival_cavern_a, layout_rooms
D:2:      layout_basic, dreamdust_ecumenical_altar_drowned_temple, minivault_14

Skill      XL: |  1  2  3 |
---------------+----------+-----
Stealth        | 6 |  6.0
Invocations    | 1 |  1.1
Short Blades   | 1 |  1.0
Long Blades    | 1 |  1.0
Maces & Flails | 1 |  1.0
Polearms       | 1 |  1.0
Staves         | 1 |  1.0
Ranged Weapons | 1 |  1.0
Throwing       | 1 |  1.0
Armour         | 1 |  1.0
Dodging        | 1 |  1.0
Shields        | 1 |  1.0
Unarmed Combat | 1 |  1.0
Evocations     | 1 |  1.0
Shapeshifting  | 1 |  1.0
Fighting       | |  4.6
Axes           | |  4.6
Spellcasting   | |  2.9
Conjurations   | |  0.8
Hexes          | |  0.8
Summonings     | |  0.8
Necromancy     | |  0.8
Translocations | |  0.8
Fire Magic     | |  3.8
Ice Magic      | |  0.8
Air Magic      | |  0.8
Earth Magic    | |  0.8
Alchemy        | |  0.8

Action                     |  1- 3 |  4- 6 || total
---------------------------+-------+-------++-------
  Melee: Hand axe          |   155 |     2 ||   157
         Bite              |    14 |       ||    14
    Use: Potion            |     1 |       ||     1
 Armour: Robe              |    22 |       ||    22
         Ring mail         |   135 |     2 ||   137
  Dodge: Dodged            |   117 |       ||   117
